 Dungeon Crawl Stone Soup version 0.22-a0-422-g9628fc8 (webtiles) character file.

130 Borgoz the Skirmisher (level 5, 0/33 HPs)
             Began as a Gargoyle Abyssal Knight on May 18, 2018.
             Was a Follower of Lugonu.
             Slain by an orc
             ... wielding a +0 flail
              (6 damage)
             ... on level 3 of the Dungeon.
             The game lasted 00:02:05 (2268 turns).

Borgoz the Skirmisher (Gargoyle Abyssal Knight)     Turns: 2268, Time: 00:02:06

Health: 0/33       AC:  7    Str: 15    XL:     5   Next: 14%
Magic:  5/7        EV: 12    Int: 13    God:    Lugonu [*.....]
Gold:   161        SH:  0    Dex: 10    Spells: 4/4 levels left

rFire    . . .     SeeInvis +   a - +1 hand axe
rCold    . . .     Gourm    .   (no shield)
rNeg     + . .     Faith    .   b - +0 leather armour
rPois    ∞         Spirit   .   (no helmet)
rElec    +         Reflect  .   (no cloak)
rCorr    .         Harm     .   (no gloves)
MR       .....                  (no boots)
Stlth    +.........             (no amulet)
HPRegen  0.11/turn              e - ring of see invisible
MPRegen  0.10/turn              h - ring of flight

@: no status effects
A: negative energy resistance 1, electricity resistance, unbreathing,
petrification resistance, rot immunity, AC +4
a: Depart the Abyss, Renounce Religion, Evoke Flight


You were on level 3 of the Dungeon.
You worshipped Lugonu.
Lugonu was aware of your devotion.
You were not hungry.

You visited 1 branch of the dungeon, and saw 3 of its levels.
You visited the Abyss 1 time.

You collected 161 gold pieces.

Inventory:

Hand Weapons
 a - a +1 hand axe (weapon)
Armour
 b - a +0 leather armour (worn)
Jewellery
 e - a ring of see invisible (left hand)
 h - a ring of flight (right hand)
Wands
 l - a wand of paralysis (10)
Scrolls
 d - 2 scrolls of enchant armour {unknown}
 j - a scroll of identify {unknown}
 k - a scroll of magic mapping {unknown}
Potions
 f - a potion of cancellation {unknown}
 g - 4 potions of curing {unknown}
 i - a potion of might {unknown}
Comestibles
 c - 5 rations


   Skills:
 + Level 3.7 Fighting
 * Level 3.0 Axes
 + Level 2.8 Armour
 * Level 2.1 Dodging
 + Level 2.7 Invocations


You had 4 spell levels left.
You didn't know any spells.
Your spell library was empty.

Dungeon Overview and Level Annotations

Branches:
Dungeon (3/15)

Altars:
Cheibriados
Dithmenos
Uskayaw


Innate Abilities, Weirdness & Mutations

You are resistant to torment.
Your stone body is resilient. (AC +4)
You are immune to poison.
You resist negative energy. (rN+)
You are resistant to electric shocks. (rElec)
You can survive without breathing.
You are immune to petrification.
You are immune to rotting.


Message History

The orc misses you. The orc priest closely misses you.
You slash the orc priest!
You kill the orc priest!
Lugonu accepts your kill.
Your Axes skill increases to level 3!
You have reached level 5!
You completely miss the orc. The orc hits you with a hand axe.
* * * LOW HITPOINT WARNING * * *
An orc comes into view. It is wielding a flail.
You barely miss the orc. The orc barely misses you.
You completely miss the orc. The orc barely misses you.
You closely miss the orc. You hit the orc but do no damage.
The orc hits you with a hand axe.
* * * LOW HITPOINT WARNING * * *
The orc hits you but does no damage.
Unknown command.
You hit the orc.
The orc is moderately wounded.
You hit the orc. The orc closely misses you. The orc hits you with a flail.
You die...

.#####
#........# .#
#......#.# #
#......#.#
#......#.#
#........#
####.#######
#.......#
#.......#
#....)@o#
#.....o).o....
#.......###.>.
#.......# .
#.......#
#########


You could see 3 orcs.

Vanquished Creatures
  An orc priest (D:3)
  A centaur skeleton (D:3)
  3 adders
  A leopard gecko (D:2)
  3 orcs (D:3)
  4 bats (D:2)
  4 giant cockroaches
  5 goblins
  6 hobgoblins
  2 frilled lizards
  7 kobolds
  6 rats
43 creatures vanquished.

Notes
Turn   | Place    | Note
-------+----------+-------------------------------------------
     0 | Abyss:1  | Borgoz the Gargoyle Abyssal Knight began the quest for the Orb.
     0 | Abyss:1  | Reached XP level 1. HP: 14/14 MP: 2/2
    87 | Abyss:1  | Noticed a starcursed mass
    88 | D:1      | Escaped the Abyss
   535 | D:1      | Reached skill level 1 in Dodging
   554 | D:1      | Reached XP level 2. HP: 16/19 MP: 3/3
   722 | D:1      | Reached * piety under Lugonu
  1428 | D:2      | Reached XP level 3. HP: 22/23 MP: 4/4
  1456 | D:2      | Found a faded altar of an unknown god.
  1672 | D:2      | Found a shadowy altar of Dithmenos.
  2033 | D:3      | Reached XP level 4. HP: 27/28 MP: 5/5
  2048 | D:3      | Found a hide-covered altar of Uskayaw.
  2192 | D:3      | Found a snail-covered altar of Cheibriados.
  2264 | D:3      | Reached XP level 5. HP: 10/33 MP: 5/7
  2268 | D:3      | Slain by an orc

Vault maps used:
D:1:      dpeg_arrival_arbitrary_b, minmay_misc_feat_x
D:2:      nicolae_overflow_hidden_temple, chequers_ecumenical_altar_lobes,
          first_ration
D:3:      cheibriados_altar_1, eat_drink_and_be_merry_uskayaw,
          lemuel_crystal_altar, lemuel_round_altar

Skill      XL: |  1  2  3  4 |
---------------+-------------+-----
Dodging        | 1 2 |  2.1
Axes           | 2 3 |  3.0
Fighting       | |  3.7
Armour         | |  2.8
Invocations    | |  2.7

Action                   |  1- 3 |  4- 6 || total
-------------------------+-------+-------++-------
Melee: Hand axe          |   116 |    35 ||   151
Invok: Depart the Abyss  |     1 |       ||     1
  Eat: Chunk             |     2 |     2 ||     4
Armor: Leather armour    |    48 |     8 ||    56
Dodge: Dodged            |    68 |    24 ||    92

Table legend:
 A = Spawn XP
 B = Non-spawn XP
 C = Spawn XP percentage of total XP
 D = Spawn monster count
 E = Non-spawn monster count
 F = Spawn count percentage of total count
 G = Total turns spent on level
                    A         B        C        D         E        F      G
               +---------+---------+-------+---------+---------+-------+---------
         Total |       0 |     187 |   0.0 |       0 |      43 |   0.0 |  2268
               +---------+---------+-------+---------+---------+-------+---------
           D:1 |       0 |      21 |   0.0 |       0 |      14 |   0.0 |  1002
           D:2 |       0 |      44 |   0.0 |       0 |      19 |   0.0 |   918
           D:3 |       0 |     122 |   0.0 |       0 |      10 |   0.0 |   260
               +---------+---------+-------+---------+---------+-------+---------
